 Dungeon Crawl Stone Soup version 0.17.2-1-ge4368a0 (webtiles) character file.

425 Goblin1989 the Cudgeler (level 6, -1/43 HPs)
             Began as a Demonspawn Wanderer on Nov 2, 2016.
             Killed from afar by Sigmund (9 damage)
             ... with a puff of flame
             ... on level 3 of the Dungeon.
             The game lasted 00:09:22 (3214 turns).

Goblin1989 the Cudgeler (Demonspawn Wanderer)       Turns: 3214, Time: 00:09:22

Health: -1/43      AC:  9    Str: 14    XL:     6   Next: 64%
Magic:  6/6        EV:  7    Int: 16    God:
Gold:   210        SH:  8    Dex: 12    Spells: 0 memorised, 5 levels left

rFire  . . .     SeeInvis .     l - +2 whip (drain)
rCold  . . .     Clarity  .     a - +2 scale mail
rNeg   . . .     SustAt   .     u - +0 shield
rPois  .         Gourm    .     (no helmet)
rElec  .         Spirit   .     (no cloak)
rCorr  .         Warding  .     D - +0 pair of gloves
rMut   .         Stasis   .     (no boots)
MR     .....                    (no amulet)
Stlth  ..........               m - ring of loudness (curse)
                                z - +2 ring of strength

@: not resistant to hostile enchantments, extremely unstealthy
A: talons 1
a: no special abilities


You were on level 3 of the Dungeon.
You were not hungry.

You visited 2 branches of the dungeon, and saw 5 of its levels.

You collected 210 gold pieces.

Inventory:

Hand Weapons
 l - a +2 whip of draining (weapon)
 s - a +0 whip of flaming
Missiles
 Z - a throwing net {=f, !d}
Armour
 a - a +2 scale mail (worn)
 u - a +0 shield (worn)
 D - a +0 pair of gloves (worn)
Jewellery
 m - a cursed ring of loudness (right hand)
 v - an uncursed ring of magical power
 z - a +2 ring of strength (left hand)
Scrolls
 d - 6 scrolls of identify {unknown}
 g - a scroll of recharging {unknown}
 j - 2 scrolls of enchant weapon {unknown}
 k - 2 scrolls of amnesia {unknown}
 o - a scroll of blinking {unknown}
 y - a scroll of noise {unknown}
 A - a scroll of fog {unknown}
 C - a scroll of random uselessness {unknown}
 T - 2 scrolls of teleportation {!r, @r4}
Potions
 b - a potion of cancellation {unknown}
 c - a potion of lignification {!q}
 f - 2 potions of flight {unknown}
 h - a potion of degeneration {unknown}
 i - a potion of mutation {unknown}
 n - 2 potions of curing {unknown}
 p - a potion of might {unknown}
 q - 3 potions of poison {unknown}
 r - a potion of cure mutation {unknown}
 t - a potion of invisibility {unknown}
 x - 2 potions of haste {unknown}
Comestibles
 e - 2 bread rations {@e1}
 w - a meat ration {@e2}
 B - a chunk of flesh {@w0}


   Skills:
 - Level 1.3 Fighting
 * Level 6.0 Maces & Flails
 - Level 1.7 Armour
 - Level 1.0 Dodging
 - Level 1.7 Stealth
 + Level 2.9 Shields
   Level 1.0 Evocations


You had 5 spell levels left.
You didn't know any spells.

Dungeon Overview and Level Annotations

Branches:
Dungeon (4/15)             Temple (1/1) D:4

Altars:
Ashenzari
Dithmenos
Elyvilon
Fedhas
Kikubaaqudgha
Makhleb
Okawaru
Yredelemnul
Zin

Annotations:
D:3 Sigmund


Innate Abilities, Weirdness & Mutations

You have sharp toenails.


Message History

You miss something. You claw something. You miss something.
You block its attack.
You closely miss something. You claw something. You closely miss something.
You claw something. Something hits you.
You take 2 damage, and have 26/43 hp.
You barely miss something. You block its attack.
Your scale mail prevents you from hitting something.
You closely miss something. Something hits you!
* * * LOW HITPOINT WARNING * * *
You take 12 damage, and have 15/43 hp.
MASSIVE DAMAGE!!
You miss something. You claw something. You miss something. You claw something.
Something hits you!
* * * LOW HITPOINT WARNING * * *
You take 7 damage, and have 8/43 hp.
You hit something. You claw something. You hit something.
You hear some strange, mumbled words.
A puff of flame appears from out of thin air!
The puff of flame hits you!
You die...

██.....██ ███████.██
██.......██ ██.███.██
████....)....████...██.██
...∆.........▲.........†.
████.........████...██.██
██...(...██ ██<███.██
██.....██ ███...██
██.{.██ █.████


██@██ ████ █.█ █ █.█ █..████.█ █ █.█ ██......█ ██.█████∩⌂.....█
██████.....███......█ ...........███..███.█ ██████...█..███████.█
██..█..........█ ██....█████████ There were no monsters in sight!

Vanquished Creatures
  An ogre (D:4)
  An orc priest (D:4)
  2 orc wizards (D:4)
  A hound (D:3)
  A jelly (D:3)
  Natasha (D:3)
  2 worker ants (D:4)
  5 adders
  4 worms
  3 orcs (D:4)
  2 giant cockroaches
  10 goblins
  5 hobgoblins
  5 jackals
  2 ball pythons
  6 bats
  2 giant newts
  8 kobolds
  3 quokkas
  18 rats
82 creatures vanquished.

Notes
Turn   | Place    | Note
--------------------------------------------------------------
     0 | D:1      | Goblin1989 the Demonspawn Wanderer began the quest for the Orb.
     0 | D:1      | Goblin1989 set off with: a +2 scale mail, a potion of lignification {!q}, a +0 dagger, a bread ration {@e1}, a scroll of teleportation {!r, @r4}
     0 | D:1      | Reached XP level 1. HP: 15/15 MP: 1/1
   279 | D:1      | Reached skill level 3 in Maces & Flails
   297 | D:1      | Gained mutation: You have sharp toenails. [demonic ancestry]
   297 | D:1      | Reached XP level 2. HP: 21/21 MP: 2/2
   735 | D:2      | Reached XP level 3. HP: 26/26 MP: 3/3
   775 | D:2      | Found a white marble altar of Elyvilon.
   940 | D:2      | Reached skill level 4 in Maces & Flails
  1418 | D:2      | Reached XP level 4. HP: 29/32 MP: 4/4
  1594 | D:3      | Noticed Sigmund
  1853 | D:3      | Reached skill level 1 in Shields
  2203 | D:4      | Reached XP level 5. HP: 37/37 MP: 5/5
  2223 | D:4      | Reached skill level 5 in Maces & Flails
  2505 | D:4      | Reached XP level 6. HP: 41/43 MP: 6/6
  2542 | D:4      | Noticed an ogre
  2549 | D:4      | Killed an ogre
  2765 | D:4      | Found a staircase to the Ecumenical Temple.
  2772 | Temple   | Entered the Ecumenical Temple
  2937 | D:3      | Noticed Natasha
  2940 | D:3      | Killed Natasha
  3124 | D:3      | Found a burning altar of Makhleb.
  3138 | D:3      | Reached skill level 6 in Maces & Flails
  3214 | D:3      | Killed from afar by Sigmund

Action                   |  1- 3 |  4- 6 || total
-------------------------+-------+-------++-------
Melee: Club              |    75 |       ||    75
       Dagger            |     8 |       ||     8
       Whip              |    93 |   167 ||   260
  Use: Potion            |     1 |       ||     1
  Eat: Chunk             |     2 |     6 ||     8

Vault maps used:
D:1:      dpeg_arrival_sounds_slurp, minmay_misc_feat_diagonals,
          minmay_rat_gold_closets
D:2:      nicolae_overflow_crystal_walls, first_bread, grunt_ministairs_8
D:3:      makhleb_heckhound_becter, uniq_natasha, uniq_sigmund
D:4:      minmay_temple_entry_purple_smoke
Temple:   circular_temple_pool_8
